 Dungeon Crawl Stone Soup version 0.22-a0-558-gc224181 (webtiles) character file.

23 Amnesiac the Vexing (level 2, -4/19 HPs)
             Began as a Mummy Enchanter on June 27, 2018.
             Slain by a howler monkey skeleton (5 damage)
             ... on level 4 of the Dungeon.
             The game lasted 00:02:53 (974 turns).

Amnesiac the Vexing (Mummy Enchanter)                Turns: 974, Time: 00:02:54

Health: -4/19      AC:  3    Str: 11    XL:     2   Next: 72%
Magic:  4/6        EV: 12    Int: 14    God:
Gold:   70         SH:  0    Dex: 12    Spells: 6/7 levels left

rFire    x . .     SeeInvis .   a - +1 dagger
rCold    + . .     Gourm    .   (no shield)
rNeg     + + +     Faith    .   b - +0 robe
rPois    ∞         Spirit   .   e - +0 helmet
rElec    .         Reflect  .   (no cloak)
rCorr    .         Harm     .   (no gloves)
MR       .....                  (no boots)
Stlth    ++........             (no amulet)
HPRegen  0.06/turn              (no ring)
MPRegen  0.10/turn              (no ring)

@: no status effects
A: no food or potions, fire vulnerability, cold resistance 1, negative energy
resistance 3, torment resistance, unbreathing
a: no special abilities


You were on level 4 of the Dungeon.
You were not hungry.

You visited 1 branch of the dungeon, and saw 4 of its levels.

You collected 70 gold pieces.

Inventory:

Hand Weapons
 a - a +1 dagger (weapon)
Armour
 b - a +0 robe (worn)
 e - a +0 helmet (worn)
Scrolls
 c - a scroll of identify {!r, unknown}
 d - a scroll of random uselessness {!r, unknown}
 f - a scroll of blinking {!r, unknown}
 g - 2 scrolls of remove curse {!r, unknown}


   Skills:
 - Level 1.0 Short Blades
 - Level 1.5 Dodging
 - Level 2.4 Stealth
 + Level 3.1 Spellcasting
 * Level 3.3 Hexes


You had 6 spell levels left.
You knew the following spells:

 Your Spells              Type           Power        Failure   Level  Hunger
a - Corona                Hex            ##.....      5%          1    N/A

Your spell library contained the following spells:

 Spells                   Type           Power        Failure   Level  Hunger
 Confuse                  Hex            ##......     16%         3    N/A
 Tukima's Dance           Hex            ##......     16%         3    N/A
 Ensorcelled Hibernation  Hex/Ice        #.....       16%         2    N/A
 Dazzling Spray           Conj/Hex       #.....       32%         3    N/A

Dungeon Overview and Level Annotations

Branches:
Dungeon (4/15)
 Temple: D:4-7

Altars:
Hepliaklqana

Shops:
D:4 =

Annotations:
D:4 exclusions: hound, skeleton and worm


Innate Abilities, Weirdness & Mutations

You do not eat or drink.
Your flesh is vulnerable to fire.
You are immune to poison.
Your flesh is cold resistant. (rC+)
You are immune to negative energy. (rN+++)
You are immune to unholy pain and torment.
You can survive without breathing.


Message History

You hit the giant cockroach.
The giant cockroach is almost dead.
The giant cockroach closely misses you.
You hit the giant cockroach.
You kill the giant cockroach!
g - a scroll labeled VAUDUO NONUMUU {!r}
g - 2 scrolls labeled VAUDUO NONUMUU {!r} (gained 1)
Found a flail.
A worm comes into view.
You now have 70 gold pieces (gained 17).
Found a stone staircase leading down.
There is a stone staircase leading down here.
Found Hucwahot's Jewellery Shop.
A howler monkey skeleton comes into view.
Casting: Corona (safe; 5% risk of failure)
Confirm with . or Enter, or press ? or * to list all spells.
Aiming: Corona (safe; 5% risk of failure)
Press: ? - help, Shift-Dir - straight line, f - howler monkey skeleton
Aim: a howler monkey skeleton (chance to defeat MR: 61%)
The howler monkey skeleton is outlined in light.
Unknown command.
Casting: Corona (safe; 5% risk of failure)
Confirm with . or Enter, or press ? or * to list all spells.
Aiming: Corona (safe; 5% risk of failure)
Press: ? - help, Shift-Dir - straight line, f/p - howler monkey skeleton
Aim: a howler monkey skeleton (softly glowing, chance to defeat MR: 61%)
The howler monkey skeleton glows brighter.
Casting: Corona (safe; 5% risk of failure)
Confirm with . or Enter, or press ? or * to list all spells.
Aiming: Corona (safe; 5% risk of failure)
Press: ? - help, Shift-Dir - straight line, f/p - howler monkey skeleton
Aim: a howler monkey skeleton (softly glowing, chance to defeat MR: 61%)
The howler monkey skeleton glows brighter.
Unknown command.
Unknown command.
You hit the howler monkey skeleton.
The howler monkey skeleton is lightly damaged.
The howler monkey skeleton hits you but does no damage.
You hit the howler monkey skeleton.
The howler monkey skeleton is moderately damaged.
The howler monkey skeleton hits you.
You hit the howler monkey skeleton.
The howler monkey skeleton is moderately damaged.
The howler monkey skeleton hits you.
You hit the howler monkey skeleton but do no damage.
The howler monkey skeleton is moderately damaged.
The howler monkey skeleton hits you.
* * * LOW HITPOINT WARNING * * *
You hit the howler monkey skeleton.
The howler monkey skeleton is heavily damaged.
The howler monkey skeleton hits you.
* * * LOW HITPOINT WARNING * * *
You hit the howler monkey skeleton.
The howler monkey skeleton is heavily damaged.
The howler monkey skeleton hits you.
* * * LOW HITPOINT WARNING * * *
You hit the howler monkey skeleton but do no damage.
The howler monkey skeleton is heavily damaged.
The howler monkey skeleton barely misses you.
Unknown command.
You hit the howler monkey skeleton.
The howler monkey skeleton is severely damaged.
The howler monkey skeleton hits you.
You die...

#.# #. #.# #.
#.# ##
#.##############
#..............#
##############.#
#.# #.# #@# #Z#
#.# #.# #∩# #.#
#.# #.#


You could see a howler monkey skeleton.

Vanquished Creatures
  2 dart slugs
  A giant cockroach (D:4)
  2 hobgoblins
  A quokka (D:2)
  A ball python (D:3)
  5 bats
  2 frilled lizards
  2 goblins
  A kobold (D:1)
  A rat (D:1)
18 creatures vanquished.

Notes
Turn   | Place    | Note
-------+----------+-------------------------------------------
     0 | D:1      | Amnesiac the Mummy Enchanter began the quest for the Orb.
     0 | D:1      | Reached XP level 1. HP: 13/13 MP: 4/4
   113 | D:1      | Reached skill level 1 in Short Blades
   117 | D:1      | Reached XP level 2. HP: 6/19 MP: 2/5
   546 | D:3      | Found a hazy altar of Hepliaklqana.
   960 | D:4      | Found Hucwahot's Jewellery Shop.
   974 | D:4      | Slain by a howler monkey skeleton

Vault maps used:
D:1:      eino_arrival_water_cross
D:2:      first_ration
D:3:      old_standard_altar, lemuel_coloured_pillars_altar,
          chequers_ecumenical_altar_simple_redux
D:4:      serial_shops, shop

Skill      XL: |  1  2 |
---------------+-------+-----
Short Blades   | 1 |  1.0
Hexes          | 3 |  3.3
Spellcasting   | 3 |  3.1
Dodging        | |  1.5
Stealth        | |  2.4

Action                   || total
-------------------------++-------
Melee: Dagger            ||    82
 Cast: Corona            ||    20
 Stab: Sleeping          ||     4
Armor: Robe              ||    35
Dodge: Dodged            ||   108

Table legend:
 A = Spawn XP
 B = Non-spawn XP
 C = Spawn XP percentage of total XP
 D = Spawn monster count
 E = Non-spawn monster count
 F = Spawn count percentage of total count
 G = Total turns spent on level
                    A         B        C        D         E        F      G
               +---------+---------+-------+---------+---------+-------+---------
         Total |       0 |      33 |   0.0 |       0 |      18 |   0.0 |   974
               +---------+---------+-------+---------+---------+-------+---------
           D:1 |       0 |      13 |   0.0 |       0 |       8 |   0.0 |   332
           D:2 |       0 |      16 |   0.0 |       0 |       7 |   0.0 |   375
           D:3 |       0 |       2 |   0.0 |       0 |       2 |   0.0 |    39
           D:4 |       0 |       2 |   0.0 |       0 |       1 |   0.0 |   228
               +---------+---------+-------+---------+---------+-------+---------
